 Dungeon Crawl Stone Soup version 0.20.0-15-g7f486f2 (webtiles) character file.

207 Zachthehappycat the Gusty (level 5, -4/28 HPs)
             Began as a Tengu Air Elementalist on July 1, 2017.
             Slain by an ogre
             ... wielding a +0 giant spiked club
              (20 damage)
             ... on level 4 of the Dungeon.
             The game lasted 00:17:40 (3052 turns).

Zachthehappycat the Gusty (Tengu Air Elementalist)  Turns: 3052, Time: 00:17:41

Health: -4/28      AC:  7    Str:  8    XL:     5   Next: 85%
Magic:  10/10      EV: 13    Int: 16    God:
Gold:   149        SH:  0    Dex: 15    Spells: 6/10 levels left

rFire    . . .     SeeInvis +   g - +2 quarterstaff (chaos)
rCold    . . .     Gourm    .   (shield currently unavailable)
rNeg     . . .     Faith    .   k - +3 leather armour
rPois    .         Spirit   .   (helmet restricted)
rElec    .         Reflect  .   f - +0 cloak
rCorr    .         Harm     .   (no gloves)
MR       +....                  (boots unavailable)
Stlth    ++........             (no amulet)
Regen    0.1/turn               h - ring of protection from magic
MPRegen  0.2/turn               n - ring of see invisible

@: no status effects
A: beak, talons 3, able to fly 1
a: Fly


You were on level 4 of the Dungeon.
You were hungry.

You visited 1 branch of the dungeon, and saw 3 of its levels.

You collected 149 gold pieces.

Inventory:

Hand Weapons
 g - a +2 quarterstaff of chaos (weapon)
 l - a +0 hunting sling
Missiles
 i - 20 sling bullets
 j - 44 arrows
 p - 31 stones (quivered)
 w - 20 poisoned needles
Armour
 f - a +0 cloak (worn)
 k - a +3 leather armour (worn)
Jewellery
 h - a ring of protection from magic (left hand)
 n - a ring of see invisible (right hand)
Scrolls
 d - 6 scrolls of identify {unknown}
 m - 4 scrolls of enchant weapon {unknown}
 o - 4 scrolls of teleportation {unknown}
 q - 2 scrolls of enchant armour {unknown}
 x - a scroll of recharging {unknown}
 y - 2 scrolls of magic mapping {unknown}
Potions
 e - a potion of brilliance {unknown}
 s - a potion of flight {unknown}
 t - 2 potions of agility {unknown}
 u - a potion of magic {unknown}
 z - 3 potions of heal wounds {unknown}
 B - a potion of resistance {unknown}
 C - a potion of degeneration {unknown}
Books
 b - a book of Air

   Spells                             Type                      Level
   a - Shock                          Conjuration/Air              1
   b - Swiftness                      Charms/Air                   2
   c - Static Discharge               Conjuration/Air              3
   d - Airstrike                      Air                          4
   e - Lightning Bolt                 Conjuration/Air              5
Comestibles
 c - 7 bread rations
 r - 5 fruits
 v - 3 meat rations


   Skills:
   Level 0.9 Short Blades
 + Level 0.4 Staves
 + Level 3.2 Dodging
 + Level 3.2 Stealth
 + Level 3.1 Spellcasting
 + Level 3.2 Conjurations
 + Level 4.9 Air Magic


You had 6 spell levels left.
You knew the following spells:

 Your Spells              Type           Power        Failure   Level  Hunger
a - Shock                 Conj/Air       ###.         4%          1    None
b - Static Discharge      Conj/Air       ###.....     14%         3    ###....


Dungeon Overview and Level Annotations

Branches:
Dungeon (2/15)             Temple (0/1) D:4

Altars:
Fedhas
Trog


Innate Abilities, Weirdness & Mutations

You have a beak for a mouth.
You have claws for feet.
You can fly.


Message History

You are feeling hungry.
Okay, then.
Things that are here:
a +3 ring mail; a +0 robe
Found a stone staircase leading up.
An ogre comes into view. It is wielding a giant spiked club.
You see here 2 fruits.
r - 5 fruits (gained 2)
The ogre shouts!
You hit the ogre.
The ogre is lightly wounded.
The ogre hits you with a giant spiked club!!
Ouch! That really hurt!
Okay, then.
The ogre barely misses you.
You see here a dagger.
You barely miss the ogre.
The ogre hits you with a giant spiked club!!
Ouch! That really hurt!
You die...

#
############.#
# #.# # ###
############
...........#
♣♣♣
##########.#
♣♣♣.♣ # #.♣♣
♣♣._.♣ #
#..♣♣♣♣♣...♣♣
#.....O@.♣♣♣
##..♣♣♣♣♣♣
##♣♣


You could see an ogre.

Vanquished Creatures
  A howler monkey (D:4)
  Crazy Yiuf (D:2)
  A centaur skeleton (D:4)
  A hound skeleton (D:4)
  3 adders
  An ooze (D:1)
  A worm (D:2)
  6 dart slugs
  4 leopard geckos
  5 bats
  4 giant cockroaches
  3 goblins (D:1)
  5 hobgoblins
  4 frilled lizards
  2 jackal skeletons (D:4)
  3 kobolds
  7 rats
52 creatures vanquished.

Vanquished Creatures (others)
  A bat (D:1)
1 creature vanquished.

Grand Total: 53 creatures vanquished

Notes
Turn   | Place    | Note
-------+----------+-------------------------------------------
     0 | D:1      | Zachthehappycat the Tengu Air Elementalist began the quest for the Orb.
     0 | D:1      | Reached XP level 1. HP: 10/10 MP: 4/4
   202 | D:1      | Reached XP level 2. HP: 10/15 MP: 6/6
   461 | D:1      | Reached XP level 3. HP: 14/19 MP: 7/7
  1019 | D:2      | Found a bloodstained altar of Trog.
  1148 | D:2      | Reached XP level 4. HP: 21/24 MP: 8/8
  1248 | D:2      | Found a blossoming altar of Fedhas.
  1317 | D:2      | Found a runed door.
  1321 | D:2      | Noticed Crazy Yiuf
  1332 | D:2      | Killed Crazy Yiuf
  1938 | D:2      | You fall through a shaft for 2 floors!
  1943 | D:4      | Gained mutation: You can fly. [Tengu growth]
  1943 | D:4      | Reached XP level 5. HP: 26/28 MP: 10/10
  2024 | D:4      | Learned a level 3 spell: Static Discharge
  2277 | D:4      | Found a staircase to the Ecumenical Temple.
  2801 | D:4      | Found a blossoming altar of Fedhas.
  2979 | D:4      | Noticed an ogre
  3052 | D:4      | Slain by an ogre

Skill      XL: |  1  2  3  4  5 |
---------------+----------------+-----
Conjurations   | 2 3 |  3.2
Stealth        | 3 |  3.2
Spellcasting   | 3 |  3.1
Dodging        | 3 |  3.2
Short Blades   | |  0.9
Staves         | |  0.4
Air Magic      | |  4.9

Action                   |  1- 3 |  4- 6 || total
-------------------------+-------+-------++-------
Melee: Spear             |    15 |    10 ||    25
       Unarmed           |     8 |       ||     8
       Kick              |    34 |     7 ||    41
       Peck              |    17 |     6 ||    23
       Short sword       |   102 |     8 ||   110
       Quarterstaff      |       |    35 ||    35
 Cast: Shock             |     1 |       ||     1
 Abil: Fly               |       |     1 ||     1
 Stab: Sleeping          |     5 |       ||     5
  Eat: Chunk             |     1 |     5 ||     6
Armor: Robe              |    20 |       ||    20
       Leather armour    |    18 |    20 ||    38
Dodge: Dodged            |   108 |    38 ||   146
